[Event "Titled Tuesday Blitz May 16 Late 2023"]
[White "ArtemDyachuk"]
[Black "Makridis, Dimitrios"]
[BlackFideId "25864475"]
[WhiteElo "2554"]
[BlackElo "2277"]
[Result "1-0"]
[Round "11"]
[TimeControl "180+2"]
[Date "2023.05.16"]
[WhiteClock "0:00:16"]
[BlackClock "0:00:02"]

1. Nf3 Nf6 2. c4 e6 3. g3 b6 4. Bg2 Bb7 5. O-O Be7 6. Nc3 d5 7. cxd5 Nxd5 8. Qa4+ Qd7 9. Qg4 O-O 10. d4 Nxc3 11. bxc3 f5 12. Qh3 Qc8 13. a4 a5 14. Bb2 Nd7 15. c4 h6 16. Rfd1 Bf6 17. Ba3 Re8 18. Rac1 Be4 19. d5 exd5 20. cxd5 Qb7 21. Nh4 Bxh4 22. Bxe4 Rxe4 23. Qxf5 Nf6 24. gxh4 Rg4+ 25. Kf1 Re8 26. Rc6 Qa6 27. Rd3 h5 28. Rxf6 gxf6 29. Qxh5 Ree4 30. f3 Rgf4 31. Qg6+ Kh8 32. Bf8 Rxf3+ 33. Kg1 Rxh4 34. Qg7# 1-0


[Site "https://www.chess.com"]

[Event "Titled Tuesday Blitz May 16 Late 2023"]
[White "koncheto"]
[Black "Deac, Bogdan-Daniel"]
[BlackFideId "1226380"]
[WhiteElo "2606"]
[BlackElo "2649"]
[Result "0-1"]
[Round "11"]
[TimeControl "180+2"]
[Date "2023.05.16"]
[WhiteClock "0:00:00"]
[BlackClock "0:00:58"]

1. e4 Nf6 2. e5 Nd5 3. d4 d6 4. c4 Nb6 5. exd6 cxd6 6. Nf3 g6 7. Nc3 Bg7 8. Be3 O-O 9. Be2 Bg4 10. h3 Bxf3 11. Bxf3 Nc6 12. b3 e6 13. O-O d5 14. c5 Nd7 15. b4 Nxb4 16. Rb1 Nc6 17. Rxb7 Nxc5 18. dxc5 Bxc3 19. Qa4 Rc8 20. Bh6 Bg7 21. Bxg7 Kxg7 22. Rfb1 Qf6 23. Rd7 Ne5 24. c6 Rxc6 25. Be2 Rfc8 26. Rxa7 Rc1+ 27. Rxc1 Rxc1+ 28. Bf1 Nd3 29. f3 Qa1 30. Kh2 Rxf1 31. Qe8 Qe5+ 32. g3 Rf2+ 33. Kg1 Rxf3 34. Ra8 Qxg3+ 35. Kh1 Qxh3+ 36. Kg1 Qg3+ 37. Kh1 Kh6 38. Qf8+ Kg5 39. Qe7+ Kh5 40. Rh8 Kg4 41. Rxh7 Qe1+ 42. Kg2 Nf4+ 0-1


[Site "https://www.chess.com"]

[Event "Titled Tuesday Blitz May 16 Late 2023"]
[White "Rustemov, Alexander"]
[Black "Matinian, Nikita"]
[WhiteFideId "4119002"]
[BlackFideId "24129100"]
[WhiteElo "2955"]
[BlackElo "2422"]
[Result "0-1"]
[Round "11"]
[TimeControl "180+2"]
[Date "2023.05.16"]
[WhiteClock "0:00:05"]
[BlackClock "0:00:29"]

1. d4 d6 2. Nf3 g6 3. g3 Bg7 4. Bg2 Nf6 5. c4 O-O 6. O-O c6 7. Nc3 Bf5 8. Ne1 Qc8 9. e4 Bh3 10. f3 Bxg2 11. Kxg2 e5 12. d5 c5 13. Nd3 Ne8 14. f4 exf4 15. Bxf4 Nd7 16. Qd2 f6 17. Rf2 a6 18. a4 Ne5 19. b3 b6 20. h3 Qd7 21. Raf1 Rb8 22. g4 Nc7 23. Bg3 b5 24. axb5 axb5 25. Nxe5 fxe5 26. Rxf8+ Bxf8 27. Qe2 bxc4 28. bxc4 Rb3 29. Nd1 Bh6 30. Qf2 Ne8 31. g5 Bg7 32. Ne3 Qb7 33. Kg1 Rb2 34. Qf3 Rb3 35. Qf2 Rb1 36. Ng4 Rxf1+ 37. Qxf1 Qb3 38. Qe2 Qxg3+ 39. Qg2 Qxg2+ 40. Kxg2 Kf7 41. h4 Bf8 42. Kf3 Nc7 43. Ke2 Be7 44. Kd3 Na6 45. Kc3 Nb8 46. Kb3 Na6 47. Ka4 Nb4 48. Kb5 Nd3 49. Kc6 Nb2 50. Kb5 Nd1 51. Kc6 Nc3 52. Nf2 Ke8 53. Kc7 Kf7 54. Kd7 h5 55. Kc7 Ne2 56. Nd3 Nf4 57. Ne1 Ke8 58. Kc8 Nh3 59. Nf3 Nf2 60. Nd2 Bd8 61. Kb7 Ba5 62. Nb3 Bb4 63. Kc7 Ke7 64. Na1 Nxe4 65. Nc2 Nc3 66. Ne3 e4 67. Kc6 Ba3 68. Ng2 Bc1 69. Ne1 e3 70. Nd3 e2 71. Kc7 Bd2 72. Kc6 e1=Q 73. Nxe1 Bxe1 74. Kc7 Bxh4 75. Kc8 Bxg5 76. Kc7 h4 77. Kc6 h3 78. Kc7 h2 79. Kc6 h1=Q 80. Kc7 Nxd5+ 81. cxd5 Qxd5 82. Kb6 Kd7 83. Ka6 Qb3 84. Ka7 Kc6 85. Ka8 Qb7# 0-1


[Site "https://www.chess.com"]

[Event "Titled Tuesday Blitz May 16 Late 2023"]
[White "Gritsenko, Nikolai"]
[Black "Ibarra Jerez, Jose Carlos"]
[WhiteFideId "14112493"]
[BlackFideId "2226332"]
[WhiteElo "2389"]
[BlackElo "2638"]
[Result "0-1"]
[Round "11"]
[TimeControl "180+2"]
[Date "2023.05.16"]
[WhiteClock "0:00:00"]
[BlackClock "0:00:11"]

1. e4 c5 2. Nf3 e6 3. d4 cxd4 4. Nxd4 Bc5 5. Nb3 Bb6 6. Nc3 Ne7 7. Qe2 O-O 8. Be3 f5 9. O-O-O f4 10. Bxb6 Qxb6 11. h4 Nbc6 12. h5 h6 13. Rh4 a6 14. Qd2 f3 15. g3 d5 16. Rg4 e5 17. Nxd5 Nxd5 18. Qxd5+ Kh7 19. Rg6 Qxf2 20. Nc5 Rd8 21. Rd6 Nb4 22. Qd2 Qxd2+ 23. R1xd2 Rxd6 24. Rxd6 Bg4 25. Kd2 Rc8 26. c3 Rxc5 27. cxb4 Rc7 28. Rd5 Re7 29. Ke3 Bxh5 30. a4 Bg4 31. a5 Kg6 32. b5 axb5 33. Bxb5 Kf6 34. Bf1 Rc7 35. Rd6+ Kg5 36. Rd5 Rc1 37. Kf2 Rc2+ 38. Ke3 Kf6 39. Rd6+ Ke7 40. Rb6 Rc7 41. Bd3 h5 42. b4 Rd7 43. b5 Rxd3+ 44. Kxd3 f2 45. Rxb7+ Kf6 46. Rb8 f1=Q+ 0-1


[Site "https://www.chess.com"]

[Event "Titled Tuesday Blitz May 16 Late 2023"]
[White "Averjanov, Alexey"]
[Black "MKlose11"]
[WhiteFideId "14109867"]
[WhiteElo "2784"]
[BlackElo "2675"]
[Result "0-1"]
[Round "11"]
[TimeControl "180+2"]
[Date "2023.05.16"]
[WhiteClock "0:01:22"]
[BlackClock "0:02:20"]

1. d4 Nf6 2. c4 c5 3. Nf3 cxd4 4. Nxd4 Nc6 5. g3 d6 6. Bg2 Bd7 7. Nc3 g6 8. b3 Bg7 9. Bb2 O-O 10. O-O Qa5 11. Rc1 Rfe8 12. e3 Rac8 13. Qd2 Qh5 14. Rfd1 Bh3 15. Bh1 Qa5 16. Bg2 Bxg2 17. Kxg2 Kf8 18. h3 Nxd4 19. Qxd4 Qc5 20. Qxc5 Rxc5 21. Kf3 a6 22. Ne4 Rf5+ 23. Ke2 Nxe4 24. Bxg7+ Kxg7 25. Rf1 Rc5 26. Kd3 Nf6 27. g4 Rec8 28. b4 R5c6 29. g5 Nd7 30. f4 Nb6 0-1


[Site "https://www.chess.com"]

[Event "Titled Tuesday Blitz May 16 Late 2023"]
[White "Schmakel, Sam"]
[Black "Rosen, Eric"]
[WhiteFideId "2039311"]
[BlackFideId "2032562"]
[WhiteElo "2356"]
[BlackElo "2331"]
[Result "0-1"]
[Round "11"]
[TimeControl "180+2"]
[Date "2023.05.16"]
[WhiteClock "0:00:00"]
[BlackClock "0:00:03"]

1. d4 d5 2. c4 e6 3. Nc3 Nf6 4. cxd5 exd5 5. Bg5 c6 6. e3 Bd6 7. Bd3 h6 8. Bh4 O-O 9. Nge2 Re8 10. Qc2 a5 11. O-O Bxh2+ 12. Kh1 Bd6 13. Rae1 Na6 14. a3 Nc7 15. e4 dxe4 16. Nxe4 Be7 17. Nc5 Ncd5 18. Nc3 Ng4 19. Bg3 b6 20. N5e4 Be6 21. Nd2 Bh4 22. Qc1 Bxg3 23. fxg3 Qg5 24. Nf3 Qh5+ 25. Kg1 Nxc3 26. bxc3 Bd5 27. Qd2 Rad8 28. Rxe8+ Rxe8 29. Re1 f6 30. Nh4 Qf7 31. Bf5 h5 32. Bg6 Rxe1+ 33. Qxe1 Qe6 34. Qxe6+ Bxe6 35. Bxh5 Ne3 36. Ng6 Bd5 37. Bf3 Bxf3 38. gxf3 Kf7 39. Nf4 Nd1 40. Ne2 Ke6 41. Kf1 g6 42. Ke1 Ne3 43. a4 Nc4 44. Kd1 Nb2+ 45. Kc2 Nxa4 46. c4 b5 47. Nf4+ Kf7 48. d5 g5 49. Ne2 bxc4 50. dxc6 Ke7 51. Nd4 Kd6 52. Kd2 Nb6 53. Kc3 a4 54. Kb4 Kc7 55. f4 g4 56. f5 Kd6 57. Kc3 Kc5 58. c7 Kd6 59. Nb5+ Kd7 60. Kb4 Kc8 61. Kc3 Kb7 62. Kb4 Kc6 63. Nd4+ Kxc7 64. Ne2 Kd6 65. Nc3 Nd5+ 0-1


[Site "https://www.chess.com"]

[Event "Titled Tuesday Blitz May 16 Late 2023"]
[White "Vlassov, Nikolai"]
[Black "Klukin, Kirill"]
[WhiteFideId "4103360"]
[BlackFideId "24199273"]
[WhiteElo "2324"]
[BlackElo "2344"]
[Result "1-0"]
[Round "11"]
[TimeControl "180+2"]
[Date "2023.05.16"]
[WhiteClock "0:00:21"]
[BlackClock "0:00:42"]

1. e4 c5 2. c3 g6 3. d4 cxd4 4. cxd4 d5 5. e5 a6 6. Nc3 Bg7 7. Bf4 Nc6 8. Qd2 f6 9. Nf3 fxe5 10. Nxe5 Nxe5 11. dxe5 e6 12. h4 Ne7 13. h5 O-O 14. Bd3 Bd7 15. hxg6 Nxg6 16. Bxg6 hxg6 17. O-O-O Rc8 18. Kb1 Qe7 19. Rh3 Rf5 20. g4 Rxf4 21. Qxf4 Rc4 22. Qg3 Qg5 23. Qe3 Qxe3 24. Rxe3 Bxe5 25. Rxe5 Rxg4 26. Ne2 Kf7 27. Rd4 Rg2 28. Rf4+ Ke7 29. Nc1 g5 30. Rf3 d4 31. Nd3 Bc6 32. Rg3 Rxf2 33. Nxf2 1-0


[Site "https://www.chess.com"]

[Event "Titled Tuesday Blitz May 16 Late 2023"]
[White "Tanenbaum, Zachary"]
[Black "Karimov, Alisher"]
[WhiteFideId "2060850"]
[BlackFideId "14700280"]
[WhiteElo "2175"]
[BlackElo "2186"]
[Result "0-1"]
[Round "11"]
[TimeControl "180+2"]
[Date "2023.05.16"]
[WhiteClock "0:00:06"]
[BlackClock "0:00:17"]

1. e4 Nf6 2. e5 Nd5 3. d4 d6 4. Nf3 g6 5. Bc4 Nb6 6. Bb3 Bg7 7. Ng5 e6 8. Qf3 O-O 9. Ne4 dxe5 10. dxe5 N8d7 11. Bg5 Nxe5 12. Qf4 f6 13. Qxe5 fxe5 14. Bxd8 Rxd8 15. Nbd2 a5 16. Nc5 Nd5 17. a4 b6 18. Nce4 h6 19. O-O Kf7 20. Rfe1 Bb7 21. Nf3 Nf4 22. g3 Nd5 23. Re2 Nb4 24. Rae1 Ba6 25. Re3 Nd5 26. Bxd5 exd5 27. Ned2 e4 28. Nxe4 dxe4 29. Rxe4 Re8 30. Rf4+ Kg8 31. Rd1 Rad8 32. Rxd8 Rxd8 33. Rg4 Rd1+ 34. Kg2 Bf1+ 35. Kh1 Bh3+ 36. Ng1 Bxg4 37. Kg2 Rxg1+ 38. Kxg1 Bxb2 39. Kf1 Bd7 40. Ke2 Bxa4 41. Kd3 Be8 42. h3 Be5 43. Kc4 Bf7+ 44. Kb5 Bc3 45. f4 Kg7 46. g4 h5 47. g5 Be6 48. h4 Bd2 49. c4 Bxf4 50. c5 bxc5 51. Ka4 Bg3 52. Kb5 Bxh4 53. Kc6 Bxg5 54. Kb5 h4 55. Kc6 h3 56. Kb5 h2 57. Ka6 h1=Q 58. Ka7 Qb1 59. Ka6 a4 60. Ka5 a3 61. Ka4 a2 0-1


[Site "https://www.chess.com"]

[Event "Titled Tuesday Blitz May 16 Late 2023"]
[White "Guz, Ari"]
[Black "Goltsev, Dmitry"]
[WhiteFideId "2825759"]
[BlackFideId "24176710"]
[WhiteElo "2205"]
[BlackElo "2356"]
[Result "1/2-1/2"]
[Round "11"]
[TimeControl "180+2"]
[Date "2023.05.16"]
[WhiteClock "0:00:16"]
[BlackClock "0:00:03"]

1. Nf3 d5 2. b3 Nf6 3. Bb2 g6 4. e3 Bg7 5. d3 Nh5 6. Bxg7 Nxg7 7. Nbd2 O-O 8. g3 c5 9. Bg2 Nc6 10. O-O e5 11. Qe2 Bg4 12. h3 Be6 13. c4 d4 14. Ne4 Qe7 15. Rfe1 f5 16. Ned2 Qf6 17. exd4 exd4 18. Ne5 Nb4 19. Ndf3 Rfe8 20. a3 Na6 21. b4 Rad8 22. Qb2 Bc8 23. Re2 g5 24. Rae1 g4 25. hxg4 fxg4 26. Nd2 h5 27. Nb3 cxb4 28. axb4 Nxb4 29. Qd2 Na6 30. Bd5+ Be6 31. Bxb7 Nc7 32. Bg2 h4 33. Nc6 Rd7 34. Ncxd4 Rxd4 35. Nxd4 Qxd4 36. gxh4 Rd8 37. Qg5 Rf8 38. Rxe6 Nxe6 39. Rxe6 Qxf2+ 40. Kh1 Rf5 41. Re8+ Kh7 42. Be4 Qf1+ 43. Kh2 Qf2+ 44. Kh1 Qf1+ 45. Kh2 Qh3+ 46. Kg1 Qg3+ 47. Kh1 Qh3+ 48. Kg1 Qg3+ 49. Kh1 Qh3+ 50. Kg1 1/2-1/2


[Site "https://www.chess.com"]

[Event "Titled Tuesday Blitz May 16 Late 2023"]
[White "Pasti, Aron"]
[Black "Bitoon, Richard"]
[WhiteFideId "785857"]
[BlackFideId "5201110"]
[WhiteElo "2173"]
[BlackElo "2374"]
[Result "1-0"]
[Round "11"]
[TimeControl "180+2"]
[Date "2023.05.16"]
[WhiteClock "0:00:42"]
[BlackClock "0:00:00"]

1. e4 e5 2. Nf3 Nc6 3. Bb5 a6 4. Ba4 Nf6 5. O-O b5 6. Bb3 Bb7 7. c3 Bc5 8. d4 Bb6 9. dxe5 Ng8 10. Ng5 Nh6 11. Qh5 Nxe5 12. Bf4 Qf6 13. Bxe5 Qxe5 14. Bxf7+ Ke7 15. Bd5 Bxd5 16. exd5 Raf8 17. Nd2 Qxd5 18. Nde4 Kd8 19. Rad1 Qf5 20. Ng3 Qf6 21. Qh3 Nf5 22. Nxf5 Qxg5 23. Rxd7+ Kxd7 24. Nd4+ Rf5 25. Nxf5 Kc8 26. Nd6+ Kb8 27. Nf7 Bxf2+ 28. Rxf2 Qxg2+ 29. Qxg2 Rg8 30. Ne5 g6 31. Nd7+ Kc8 32. Qa8+ Kxd7 33. Qxg8 Kc6 34. Qxh7 1-0


[Site "https://www.chess.com"]

[Event "Titled Tuesday Blitz May 16 Late 2023"]
[White "D`Arruda, Ricardo D."]
[Black "Sun, Rick"]
[WhiteFideId "100692"]
[BlackFideId "30909481"]
[WhiteElo "2461"]
[BlackElo "2169"]
[Result "1/2-1/2"]
[Round "11"]
[TimeControl "180+2"]
[Date "2023.05.16"]
[WhiteClock "0:00:57"]
[BlackClock "0:00:03"]

1. Nf3 d6 2. d4 Nf6 3. Nc3 g6 4. e4 Bg7 5. Bg5 O-O 6. Qd2 c6 7. O-O-O b5 8. Bd3 b4 9. Ne2 Qa5 10. Kb1 Be6 11. b3 c5 12. d5 Bd7 13. Bh6 c4 14. bxc4 Na6 15. Bxg7 Kxg7 16. Ned4 Nc5 17. Nb3 Qc7 18. Nxc5 Qxc5 19. e5 Ng4 20. exd6 Nxf2 21. dxe7 Rfe8 22. d6 Nxh1 23. Be4 Rac8 24. Rxh1 Qxc4 25. Rd1 Be6 26. Qd4+ f6 27. Qxc4 Rxc4 28. Bd5 Kf7 29. Bxc4 Bxc4 30. d7 Kxe7 31. dxe8=Q+ Kxe8 32. Rd4 Bf1 33. Ne1 a5 34. Rd5 a4 35. Rd4 b3 36. axb3 axb3 37. cxb3 Ke7 38. b4 Ke6 39. Kc2 Ke5 40. Kc3 f5 41. Nf3+ Ke6 42. g3 h6 43. h4 Kf6 44. Rd6+ Kg7 45. Ne5 Kh7 46. Rxg6 Bg2 47. Rf6 h5 48. Rxf5 Kh6 49. Kd4 Bb7 50. Rf6+ Kh7 51. Rf7+ Kh6 52. Rxb7 1/2-1/2


[Site "https://www.chess.com"]

[Event "Titled Tuesday Blitz May 16 Late 2023"]
[White "Hambleton, Aman"]
[Black "Moral Garcia, Serafin"]
[WhiteFideId "2606577"]
[BlackFideId "2201925"]
[WhiteElo "2511"]
[BlackElo "2274"]
[Result "1-0"]
[Round "11"]
[TimeControl "180+2"]
[Date "2023.05.16"]
[WhiteClock "0:00:02"]
[BlackClock "0:01:36"]

1. c4 e5 2. g3 Nf6 3. Bg2 c6 4. Nf3 e4 5. Nd4 Qb6 6. Nb3 a5 7. d3 a4 8. N3d2 exd3 9. O-O d5 10. exd3 Be7 11. Re1 Be6 12. Nc3 a3 13. cxd5 cxd5 14. bxa3 Nc6 15. Rb1 Qc7 16. Nb5 Qd7 17. Nb3 O-O 18. N3d4 Nxd4 19. Nxd4 Bxa3 20. Nxe6 fxe6 21. Bh3 Rfe8 22. Bxa3 Rxa3 23. Rb6 Ra6 24. Bxe6+ Rxe6 25. Rexe6 Rxa2 26. Qb3 Ra1+ 27. Kg2 h6 28. Rxf6 gxf6 29. Rxb7 Qe6 30. Qc3 Ra8 31. Qc7 1-0


[Site "https://www.chess.com"]

[Event "Titled Tuesday Blitz May 16 Late 2023"]
[White "Weetik, Vjacheslav"]
[Black "Moore, Nicholas"]
[WhiteFideId "4153472"]
[BlackFideId "4303709"]
[WhiteElo "2469"]
[BlackElo "2579"]
[Result "1-0"]
[Round "11"]
[TimeControl "180+2"]
[Date "2023.05.16"]
[WhiteClock "0:00:14"]
[BlackClock "0:00:13"]

1. d4 d5 2. c4 c6 3. Nf3 Nf6 4. g3 dxc4 5. Bg2 Nbd7 6. O-O Nb6 7. Nc3 Bf5 8. Nh4 Bd7 9. e4 e6 10. f4 c5 11. d5 exd5 12. e5 d4 13. exf6 dxc3 14. Qe2+ Be6 15. f5 Qd3 16. Re1 Qxe2 17. Rxe2 O-O-O 18. fxe6 Rd1+ 19. Kf2 fxe6 20. bxc3 gxf6 21. Rxe6 Bh6 22. Re1 Rxe1 23. Kxe1 Re8+ 24. Kd1 Bxc1 25. Rxc1 Na4 26. Bf1 b5 27. Nf5 Re5 28. Nd6+ Kd7 29. Nxb5 Kc6 30. Na3 Re3 31. Kd2 Re8 32. Bg2+ Kc7 33. Nxc4 Rd8+ 34. Kc2 Re8 35. Rd1 Re7 36. Rd2 Re8 37. g4 Re7 38. h3 Re1 39. Kb3 Nb6 40. Nxb6 axb6 41. a4 Re3 42. Rf2 Re6 43. Bd5 Rd6 44. Kc4 Kd7 45. Rf5 Kc7 46. Rh5 Rd7 47. Be4 Re7 48. Rxh7 Kd6 49. Rxe7 Kxe7 50. Kb5 1-0


[Site "https://www.chess.com"]

[Event "Titled Tuesday Blitz May 16 Late 2023"]
[White "Ivanisevic, Ivan"]
[Black "Kokoszczynski, Jan"]
[WhiteFideId "912417"]
[BlackFideId "1174460"]
[WhiteElo "2592"]
[BlackElo "2139"]
[Result "1-0"]
[Round "11"]
[TimeControl "180+2"]
[Date "2023.05.16"]
[WhiteClock "0:01:39"]
[BlackClock "0:00:22"]

1. d4 d5 2. Nf3 e6 3. Bf4 Nf6 4. e3 c5 5. Nbd2 Nc6 6. c3 Bd6 7. Bg3 O-O 8. Bd3 Qc7 9. dxc5 Bxg3 10. hxg3 Qe7 11. g4 h6 12. g5 hxg5 13. Nxg5 g6 14. Qa4 e5 15. Qh4 Nh5 16. g4 f6 1-0


[Site "https://www.chess.com"]

[Event "Titled Tuesday Blitz May 16 Late 2023"]
[White "AyMitecK"]
[Black "Papasimakopoulos, Alexandros"]
[BlackFideId "4244125"]
[WhiteElo "2566"]
[BlackElo "2359"]
[Result "1-0"]
[Round "11"]
[TimeControl "180+2"]
[Date "2023.05.16"]
[WhiteClock "0:01:25"]
[BlackClock "0:00:00"]

1. e4 d5 2. exd5 Qxd5 3. Nc3 Qa5 4. d4 Nf6 5. Bc4 c6 6. Ne2 Bf5 7. O-O e6 8. Ng3 Bg6 9. f4 Be7 10. f5 exf5 11. Qe2 Qd8 12. Re1 Ne4 13. Nxf5 Bxf5 14. Nxe4 Qxd4+ 15. Nf2 O-O 16. c3 Qc5 17. b4 Qb6 18. Qxe7 Bg6 19. Be3 Qd8 20. Bc5 Qxe7 21. Rxe7 Na6 22. Bxa6 bxa6 23. Rae1 Rfd8 24. Ne4 a5 25. Nd6 axb4 26. cxb4 h6 27. Re8+ Kh7 28. Rxd8 Rxd8 29. Re7 a6 30. a4 f6 31. a5 Kg8 32. Kf2 Bd3 33. Ke3 Bf1 34. g3 h5 35. Kf4 Bh3 36. Re8+ Rxe8 37. Nxe8 Kf7 38. Nc7 Bf1 39. Ke3 g5 40. Ke4 Kg6 41. Ne6 Bc4 42. Nd4 Bf1 43. Ke3 Bg2 44. Kf2 Bh1 45. Nf3 Kf5 46. Ke3 Kg4 47. Ng1 h4 48. gxh4 Kxh4 49. Be7 f5 50. Nf3+ Kg4 51. Nxg5 f4+ 52. Kf2 Bd5 53. Nh7 Kh3 54. Nf6 Bh1 55. Bd6 Kxh2 56. Bxf4+ Kh3 57. Bg3 Bg2 58. Nd7 Bd5 59. Nb8 Bc4 60. Nxc6 1-0


[Site "https://www.chess.com"]

[Event "Titled Tuesday Blitz May 16 Late 2023"]
[White "Bartel, Mateusz"]
[Black "Bruedigam, Martin"]
[WhiteFideId "1112635"]
[BlackFideId "24608033"]
[WhiteElo "2521"]
[BlackElo "2331"]
[Result "1-0"]
[Round "11"]
[TimeControl "180+2"]
[Date "2023.05.16"]
[WhiteClock "0:00:19"]
[BlackClock "0:00:16"]

1. b4 e5 2. Bb2 Bxb4 3. Bxe5 Nf6 4. Nf3 d5 5. e3 O-O 6. Be2 Bd6 7. d4 c5 8. c3 c4 9. Nbd2 Nc6 10. O-O Bf5 11. Bxd6 Qxd6 12. a4 h6 13. Qc1 b6 14. Bd1 Bd3 15. Re1 a6 16. Bc2 Bxc2 17. Qxc2 b5 18. axb5 axb5 19. Rxa8 Rxa8 20. e4 dxe4 21. Nxe4 Nxe4 22. Qxe4 Rd8 23. g3 g6 24. h4 Kg7 25. h5 Qd5 26. Qxd5 Rxd5 27. hxg6 Kxg6 28. Rb1 Kf5 29. Kf1 Ke4 30. Ke2 b4 31. Nd2+ Kf5 32. Nxc4 bxc3 33. Ne3+ Ke4 34. f3+ 1-0


[Site "https://www.chess.com"]

[Event "Titled Tuesday Blitz May 16 Late 2023"]
[White "Geivondian, Arman"]
[Black "Timmermans, Mark"]
[WhiteFideId "24102032"]
[BlackFideId "1026399"]
[WhiteElo "2278"]
[BlackElo "2460"]
[Result "0-1"]
[Round "11"]
[TimeControl "180+2"]
[Date "2023.05.16"]
[WhiteClock "0:02:31"]
[BlackClock "0:01:38"]

1. e4 e5 2. Nf3 Nc6 3. Nc3 Nf6 4. h3 g6 5. d4 exd4 6. Nxd4 Bg7 7. Be3 O-O 8. Bc4 Nxe4 9. Nxe4 d5 10. Nxc6 bxc6 11. Bd3 dxe4 12. Bxe4 Bxb2 13. Rb1 Bc3+ 14. Kf1 Be6 15. Bxc6 Rb8 16. Rxb8 Qxd1# 0-1


[Site "https://www.chess.com"]

[Event "Titled Tuesday Blitz May 16 Late 2023"]
[White "Alex_Sahakyan2006"]
[Black "Guerra Tulcan, Lenin"]
[BlackFideId "3601382"]
[WhiteElo "2703"]
[BlackElo "2368"]
[Result "1-0"]
[Round "11"]
[TimeControl "180+2"]
[Date "2023.05.16"]
[WhiteClock "0:01:42"]
[BlackClock "0:01:56"]

1. d4 Nf6 2. Nf3 c5 3. c3 e6 4. Bf4 Be7 5. e3 O-O 6. h3 b6 7. Nbd2 Bb7 8. Bd3 d6 9. O-O Nbd7 10. Qe2 Re8 11. e4 Bf8 12. e5 Nd5 13. Bxh7+ Kxh7 14. Ng5+ Kg8 15. Qh5 N7f6 16. exf6 Nxf6 17. Qxf7+ Kh8 18. Qxb7 Kg8 19. Qf7+ Kh8 20. Nxe6 Qc8 21. Nxf8 Rxf8 22. Qg6 cxd4 23. cxd4 Qc6 24. Nf3 Rae8 25. Rac1 Qd5 26. Rc7 Nh5 27. Be5 dxe5 28. Qxh5+ Kg8 29. Ng5 Qxd4 30. Qh7# 1-0


[Site "https://www.chess.com"]

[Event "Titled Tuesday Blitz May 16 Late 2023"]
[White "Chen, Ryo"]
[Black "Safin, Robert"]
[WhiteFideId "7003072"]
[BlackFideId "34189120"]
[WhiteElo "2169"]
[BlackElo "2295"]
[Result "1-0"]
[Round "11"]
[TimeControl "180+2"]
[Date "2023.05.16"]
[WhiteClock "0:01:03"]
[BlackClock "0:00:03"]

1. e4 c6 2. Nf3 d5 3. d3 dxe4 4. dxe4 Qxd1+ 5. Kxd1 Bg4 6. Be2 Nd7 7. Ne1 Bxe2+ 8. Kxe2 e5 9. Nd3 Ngf6 10. f3 Bd6 11. Be3 b6 12. Nd2 Ke7 13. a4 Rhd8 14. g4 h5 15. g5 Nh7 16. h4 Nhf8 17. Nc4 Bc7 18. c3 Ne6 19. b4 Rac8 20. Nd2 Ndf8 21. a5 Rd7 22. axb6 Bxb6 23. Bxb6 axb6 24. Nxe5 Nf4+ 25. Ke3 Ng2+ 26. Ke2 Nf4+ 27. Kd1 Rd6 28. Nc4 Rd3 29. Ra7+ Ke6 30. Kc2 Rcd8 31. Nb3 Ne2 32. Nxb6 Rxc3+ 33. Kb2 Rxf3 34. Nc4 Rf2 35. Nc5# 1-0


[Site "https://www.chess.com"]

[Event "Titled Tuesday Blitz May 16 Late 2023"]
[White "Maltsevskaya, Aleksandra"]
[Black "Deviprasath, Sharvesh"]
[WhiteFideId "24174041"]
[BlackFideId "30938228"]
[WhiteElo "2302"]
[BlackElo "2168"]
[Result "1/2-1/2"]
[Round "11"]
[TimeControl "180+2"]
[Date "2023.05.16"]
[WhiteClock "0:00:02"]
[BlackClock "0:00:21"]

1. e4 c5 2. Nf3 Nc6 3. d4 cxd4 4. Nxd4 Nf6 5. Nc3 d6 6. f3 g6 7. Be3 Bg7 8. Be2 O-O 9. O-O d5 10. exd5 Nxd5 11. Nxd5 Qxd5 12. Nxc6 bxc6 13. c3 Rb8 14. Qc1 a5 15. Rd1 Qh5 16. Bf1 Be6 17. Bd4 a4 18. Bxg7 Kxg7 19. c4 Qe5 20. Rd2 Rfd8 21. Rxd8 Rxd8 22. b3 axb3 23. axb3 Rb8 24. Rb1 c5 25. Qb2 Kf6 26. Kf2 Bf5 27. Qxe5+ Kxe5 28. Re1+ Kd6 29. Rd1+ Ke5 30. Rd5+ Kf6 31. Rxc5 Rxb3 32. Rc6+ Be6 33. c5 Rc3 34. Rc7 Bd5 35. Be2 h5 36. h4 Ke6 37. Ba6 Rc2+ 38. Kg3 Kf6 39. Bb5 e5 40. c6 Rc3 41. Rd7 Be6 42. Rb7 Bd5 43. Rc7 e4 44. Rd7 Be6 45. Ra7 exf3 46. gxf3 Bd5 47. c7 Rxf3+ 48. Kh2 Rc3 49. Bd7 Be6 50. c8=Q Rxc8 51. Bxc8 Bxc8 52. Kg3 Be6 53. Kf4 Bf5 54. Ra6+ Be6 55. Rb6 Kg7 56. Kg5 Bf5 57. Rb5 Be6 58. Rc5 Bf5 59. Rc7 Be6 60. Kf4 Bf5 61. Ke5 Be6 62. Kd6 Bf5 63. Ke5 Be6 64. Rc6 Bf5 65. Kf4 Be6 66. Kg5 Bf5 67. Rc5 Be6 68. Rb5 Bf5 69. Ra5 Be6 70. Ra7 Bf5 1/2-1/2


[Site "https://www.chess.com"]

[Event "Titled Tuesday Blitz May 16 Late 2023"]
[White "Mendez Fortes, Eduardo Jesus"]
[Black "ElDivis"]
[WhiteFideId "3502376"]
[WhiteElo "2307"]
[BlackElo "2516"]
[Result "0-1"]
[Round "11"]
[TimeControl "180+2"]
[Date "2023.05.16"]
[WhiteClock "0:01:01"]
[BlackClock "0:00:35"]

1. e4 c5 2. Nf3 d6 3. d4 cxd4 4. Nxd4 Nf6 5. Nc3 g6 6. f3 Nc6 7. Be3 Bg7 8. Qd2 O-O 9. Bc4 Bd7 10. h4 Rc8 11. Bb3 Ne5 12. O-O-O h5 13. Bh6 Bxh6 14. Qxh6 Rxc3 15. bxc3 Qc7 16. Kb1 Rc8 17. Ne2 a5 18. a4 b5 19. axb5 a4 20. Ba2 Bxb5 21. Qe3 Bxe2 22. Qxe2 Qxc3 23. Qb5 Nc4 24. Bxc4 Rxc4 25. Qg5 Qxc2+ 26. Ka1 Qc3+ 27. Kb1 Qb3+ 28. Ka1 Qa3+ 29. Kb1 Rb4+ 30. Kc2 Rb2+ 0-1


[Site "https://www.chess.com"]

[Event "Titled Tuesday Blitz May 16 Late 2023"]
[White "WindWhistler11"]
[Black "TimGrutter03"]
[WhiteElo "2526"]
[BlackElo "2639"]
[Result "1-0"]
[Round "11"]
[TimeControl "180+2"]
[Date "2023.05.16"]
[WhiteClock "0:00:13"]
[BlackClock "0:00:01"]

1. Nf3 g6 2. g3 Bg7 3. Bg2 d6 4. O-O e5 5. d4 e4 6. Nfd2 f5 7. e3 Nf6 8. c4 O-O 9. Nc3 c6 10. b3 d5 11. a4 Be6 12. Ba3 Rf7 13. a5 g5 14. f4 exf3 15. Nxf3 Ne4 16. Nxe4 fxe4 17. Ne5 Bxe5 18. Rxf7 Bxf7 19. dxe5 Nd7 20. cxd5 Bxd5 21. Bd6 Qe8 22. Qg4 Nxe5 23. Qxg5+ Ng6 24. Rf1 Qd7 25. Rf6 b6 26. h4 Qg7 27. a6 Nf8 28. Qf4 Nd7 29. Rf5 Kh8 30. Kh2 Re8 31. Bh3 Qb2+ 32. Bg2 Qg7 33. h5 Rg8 34. Bh3 Qb2+ 35. Bg2 Qg7 36. Qf2 Be6 37. Rf4 Qg5 38. Bxe4 Qxh5+ 39. Rh4 Rg5 40. Rxh5 Rxh5+ 41. Kg2 Kg7 42. Bxc6 Nf6 43. Qb2 Bh3+ 44. Kg1 Rf5 45. Be5 Kg6 46. Bxf6 Rxf6 47. Be4+ Kg5 48. Qe5+ Bf5 49. Qf4+ Kg6 50. Qg4+ 1-0


[Site "https://www.chess.com"]

[Event "Titled Tuesday Blitz May 16 Late 2023"]
[White "Liu, Casper"]
[Black "Saveliev, Alexei"]
[WhiteFideId "1454153"]
[BlackFideId "24128546"]
[WhiteElo "2221"]
[BlackElo "2271"]
[Result "0-1"]
[Round "11"]
[TimeControl "180+2"]
[Date "2023.05.16"]
[WhiteClock "0:01:44"]
[BlackClock "0:00:12"]

1. e4 g6 2. d4 Bg7 3. Be3 d6 4. Nc3 Nc6 5. Qd2 e5 6. d5 Nce7 7. h4 f5 8. g3 Nf6 9. Bg2 h5 10. O-O-O fxe4 11. Nxe4 Nf5 12. Bg5 O-O 13. Nh3 Nxe4 14. Bxe4 Qe8 15. Rde1 Nd4 16. Qd3 Bf5 17. f4 Qa4 18. Kb1 Rae8 19. fxe5 Rxe5 20. Bxf5 Nxf5 21. Nf4 Kh7 22. Ne6 Rxe1+ 23. Rxe1 Qb4 24. c3 Qg4 25. Nxf8+ Bxf8 26. Re4 Qh3 27. Re8 Bg7 28. Ra8 Qg2 29. Rxa7 Qg1+ 30. Kc2 Qxa7 31. g4 hxg4 32. h5 Qf2+ 33. Kb3 gxh5 34. Qc4 Kg6 35. Qxc7 Kxg5 36. Qxb7 h4 37. a4 h3 38. a5 h2 39. a6 h1=Q 40. a7 Qd1+ 41. Ka2 Qa4+ 42. Kb1 Qe1# 0-1


[Site "https://www.chess.com"]